 Dungeon Crawl Stone Soup version 0.31.0-9-g3a7656b989 (webtiles) character file.

Game seed: 4089123033413470901

23 Colgate the Poker (level 2, 24/24 HPs)
             Began as a Demonspawn Cinder Acolyte on Jan 30, 2024.
             Was a High Priest of Ignis.
             Quit the game on level 1 of the Dungeon.
             The game lasted 00:00:19 (886 turns).

Colgate the Poker (Demonspawn Cinder Acolyte)        Turns: 886, Time: 00:00:20

Health: 24/24      AC:  2    Str: 14    XL:     2   Next: 75%
Magic:  3/3        EV: 11    Int: 14    God:    Ignis [*****.]
Gold:   60         SH:  0    Dex:  8    Spells: 3/3 levels left

rFire   + . .        a - -1 spear (flame)
rCold   . . .        (no shield)
rNeg    . . .        b - +0 robe
rPois   .            (no helmet)
rElec   .            (no cloak)
rCorr   .            (no gloves)
SInv    .            (no boots)
Will    .....        (no amulet)
Stlth   +            (no ring)
HPRegen 0.24/turn    (no ring)
MPRegen 0.08/turn

%: no passive effects
@: no status effects
A: demonic touch 1
a: Renounce Religion, Fiery Armour, Foxfire Swarm, Rising Flame


You were on level 1 of the Dungeon.
You worshipped Ignis.
Ignis was extremely pleased with you.
You visited 1 branch of the dungeon, and saw 1 of its levels.

You collected 60 gold pieces.

Inventory:

Hand Weapons
 a - a -1 spear of flaming (weapon)
Armour
 b - a +0 robe (worn)
Scrolls
 d - a scroll of amnesia {unknown}
 f - a scroll of fear {unknown}
 g - 2 scrolls of identify {unknown}
 j - a scroll of immolation {unknown}
 k - a scroll of brand weapon {unknown}
Potions
 c - a potion of attraction {unknown}
 e - a potion of lignification {unknown}
 h - a potion of mutation {unknown}
 i - 3 potions of haste {unknown}
 l - a potion of curing {unknown}


   Skills:
 - Level 3.0 Fighting
 + Level 3.7 Polearms
 - Level 1.0 Spellcasting
 - Level 2.6 Fire Magic


You had 3 spell levels left.
You didn't know any spells.
Your spell library contained the following spells:

 Spells                   Type           Power      Damage    Failure   Level
 Scorch                   Fire           16%        2d5       13%         2


Dungeon Overview and Level Annotations

Branches:
Dungeon (1/15)

Altars:


Innate Abilities, Weirdness & Mutations

Your touch may inflict minor irresistible damage on your foes.


Message History

No target in view!
Partly explored, unopened door.
No target in view!
Partly explored, unopened door.
No target in view!
Partly explored, unopened door.
No target in view!
Partly explored, unopened door.
No target in view!
Partly explored, unopened door.
No target in view!
Partly explored, unopened door.
No target in view!
Partly explored, unopened door.
No target in view!
Partly explored, unopened door.
No target in view!
Partly explored, unopened door.
No target in view!
Partly explored, unopened door.
No target in view!
Partly explored, unopened door.
No target in view!
Partly explored, unopened door.
No target in view!
Partly explored, unopened door.
No target in view!
Partly explored, unopened door.
No target in view!
Partly explored, unopened door.
No target in view!
Partly explored, unopened door.
No target in view!
Partly explored, unopened door.
No target in view!
Partly explored, unopened door.
You open the door.
No target in view!
Done exploring.
Are you sure you want to abandon this character and quit the game? (Confirm with "yes".)

#################
#...............#
############.#############.#
#..............### #.#
############.....# #.#
#...#.....#########.#
#...'@....+..#...##.# ###
#...#..>..##.#...##.##
###.####
#####.....##.#...##.##
#......#
#................#..##
###.##.#
####..#+##.......#..## #.##.#
#..#......#.......#
#.##.######..#..#...#......)#
#.........#..#..#...#.......#
#.##............#...#.......#


There were no monsters in sight!

Vanquished Creatures
  A dart slug (D:1)
  2 ball pythons (D:1)
  4 endoplasms (D:1)
  3 hobgoblins (D:1)
  A kobold (D:1)
  2 frilled lizards (D:1)
  4 goblins (D:1)
  2 rats (D:1)
19 creatures vanquished.

Notes
Turn   | Place    | Note
-------+----------+-------------------------------------------
     0 | D:1      | Colgate the Demonspawn Cinder Acolyte began the quest for
                  | the Orb.
     0 | D:1      | Reached XP level 1. HP: 18/18 MP: 2/2
   224 | D:1      | Gained mutation: Your touch may inflict minor irresistible
                  | damage on your foes. [demonic ancestry]
   224 | D:1      | Reached XP level 2. HP: 24/24 MP: 3/3
   886 | D:1      | Quit the game

Illustrated notes

Levels and vault maps discovered:
D:1:      roderic_dead_forest, layout_basic

Skill      XL: |  1 |
---------------+----+-----
Polearms       | 3 |  3.7
Fighting       | |  3.0
Spellcasting   | |  1.0
Fire Magic     | |  2.6

Action                     || total
---------------------------++-------
  Melee: Spear             ||    48
         Punch             ||     1
         Touch             ||     4
   Stab: Sleeping          ||     1
 Armour: Robe              ||     9
  Dodge: Dodged            ||    11
